 Dungeon Crawl Stone Soup version 0.28.0-45-g0d030f2227 (webtiles) character file.

Game seed: 8727693185625722774

290 101zpm the Magician (level 6, 0/41 HPs)
             Began as a Djinni Ice Elementalist on Apr 11, 2022.
             Slain by an ice beast (4 damage)
             ... on level 2 of the Dungeon.
             The game lasted 00:15:01 (6199 turns).

101zpm the Magician (Djinni Ice Elementalist)       Turns: 6199, Time: 00:15:02

Health: 0/41       AC:  1    Str:  7    XL:     6   Next: 58%
Gold:   193        EV: 13    Int: 18    God:
                   SH:  0    Dex: 20

rFire   + + .      SeeInvis .   l - +0 demon blade
rCold   x . .      Faith    .   (no shield)
rNeg    . . .      Spirit   .   (no armour)
rPois   ∞          Reflect  .   h - +0 helmet
rElec   .          Harm     .   (no cloak)
rCorr   .          Rampage  .   (no gloves)
Will    .....                   (boots unavailable)
Stlth   ++........              (no amulet)
HPRegen 0.13/turn               q - +6 ring of dexterity
MPRegen 0.00/turn               (no ring)

@: flying
A: sickness immunity, fire resistance 2, cold vulnerability 1, float, innate
caster, HP casting, extra vitality 1
a: no special abilities


You were on level 2 of the Dungeon.
You visited 1 branch of the dungeon, and saw 4 of its levels.

You collected 193 gold pieces.

Inventory:

Hand Weapons
 l - a +0 demon blade (weapon)
Missiles
 i - 8 poisoned darts
 j - 51 stones
 k - 9 sling bullets
Armour
 a - a +0 robe
 h - a +0 helmet (worn)
 m - +0 ice dragon scales
Jewellery
 q - a +6 ring of dexterity (left hand)
Wands
 t - a wand of polymorph (5)
Scrolls
 c - 3 scrolls of identify {unknown}
 e - 3 scrolls of teleportation {unknown}
 g - a scroll of fog {unknown}
 p - a scroll of magic mapping {unknown}
 u - a scroll of acquirement {unknown}
Potions
 b - 2 potions of brilliance {unknown}
 d - 2 potions of curing {unknown}
 f - a potion of degeneration {unknown}
 n - 2 potions of mutation {unknown}
 o - a potion of heal wounds {unknown}
 r - a potion of magic {unknown}
 s - a potion of invisibility {unknown}


   Skills:
 + Level 0.7 Fighting
 + Level 1.3 Long Blades
 + Level 1.0 Armour
 + Level 2.5 Dodging
 + Level 2.3 Stealth
 + Level 5.1 Spellcasting


You had one spell level left.
You knew the following spells:

 Your Spells              Type           Power      Damage    Failure   Level
a - Freeze                Ice            92%        1d10      1%          1
b - Frozen Ramparts       Ice            46%        1d6       4%          3
c - Ozocubu's Armour      Ice            23%        N/A       4%          3
d - Hailstorm             Conj/Ice       23%        3d7       16%         4
e - Sandblast             Erth           46%        2d11      1%          1
f - Blink                 Tloc           46%        N/A       2%          2
Your spell library was empty.

Dungeon Overview and Level Annotations

Branches:
Dungeon (4/15)
 Temple: D:4-7

Altars:
Okawaru

Annotations:
D:4 2 runed translucent doors, Peloso's ghost, amateur MiFi


Innate Abilities, Weirdness & Mutations

You are immune to sickness and miasma.
You are immune to poison.
Your flesh is very heat resistant. (rF++)
You are vulnerable to cold. (rC-)
You float through the air rather than walking.
You learn spells naturally, not from books.
Your magical power is your life essence.
You have superior vitality. (+4 MHP)


Message History

Aim: an ice beast (severely wounded, 81% to hit)
The blast of sand hits the ice beast.
The ice beast is almost dead.
j - 53 stones The ice beast completely resists.
The wall freezes the ice beast but does no damage.
The ice beast hits you. The ice beast freezes you!!
You feel a terrible chill!
Ouch! That really hurt!
* * * LOW HITPOINT WARNING * * *
Casting: Sandblast (safe; 1% risk of failure)
Confirm with . or Enter, or press ? or * to list all spells.
Aiming: Sandblast (safe; 1% risk of failure)
Press: ? - help, Shift-Dir - straight line, f/p - ice beast
Aim: an ice beast (almost dead, 81% to hit)
The blast of sand hits the ice beast but does no damage.
The ice beast is almost dead.
j - 52 stones
* * * LOW HITPOINT WARNING * * *
The ice beast completely resists.
The wall freezes the ice beast but does no damage.
The ice beast closely misses you.
Casting: Sandblast (safe; 1% risk of failure)
Confirm with . or Enter, or press ? or * to list all spells.
Aiming: Sandblast (safe; 1% risk of failure)
Press: ? - help, Shift-Dir - straight line, f/p - ice beast
Aim: an ice beast (almost dead, 81% to hit)
The blast of sand hits the ice beast.
The ice beast is almost dead.
j - 51 stones
* * * LOW HITPOINT WARNING * * *
The frozen ramparts melt away.
The ice beast hits you.
* * * LOW HITPOINT WARNING * * *
The ice beast freezes you!
You feel a terrible chill!
* * * LOW HITPOINT WARNING * * *
Casting: Sandblast (safe; 1% risk of failure)
Confirm with . or Enter, or press ? or * to list all spells.
You don't have enough health to cast this spell.
Your magical contamination has completely faded away.
The ice beast hits you.
You die...

.# #.##.######....######.#
.####.#..............)....#
......#..######....######.######
...................'........>..#
..........#####....######.##...#
#.##.##.#.# #........# #.##...#
#.##.##.#.# #..).....####.##...#
#.##.##.#.###........#....##...#
...............Y@....'.........#
#.##......###........#.#####...#
#.##..#..............#.#####...#
#.##..###..##........#.##...).##
#.##..........##.#####.##.....##
#.##..##.#.##.##.# #..##......##
...........##.##.# #............
#..#..........##.####..##....#.##
.........#.....................#


You could see an ice beast.

Vanquished Creatures
  A scorpion (D:4)
  A bullfrog zombie (D:4)
  A hound (D:4)
  An orc wizard (D:3)
  4 adders
  3 worms
  9 dart slugs
  3 orcs
  6 endoplasms
  4 goblins
  4 hobgoblins
  8 jackals
  5 quokkas
  10 ball pythons
  8 bats
  3 frilled lizards
  5 kobolds
  5 rats
81 creatures vanquished.

Vanquished Creatures (others)
  7 plants (D:1)
  20 withered plants (D:1)
27 creatures vanquished.

Grand Total: 108 creatures vanquished

Notes
Turn   | Place    | Note
-------+----------+-------------------------------------------
     0 | D:1      | 101zpm the Djinni Ice Elementalist began the quest for the
                  | Orb.
     0 | D:1      | Reached XP level 1. HP: 15/15 MP: 0/0
    93 | D:1      | Reached XP level 2. HP: 16/21 MP: 0/0
   794 | D:1      | Found a faded altar of an unknown god.
   906 | D:1      | Reached XP level 3. HP: 24/25 MP: 0/0
   906 | D:1      | Learned a level 1 spell: Sandblast
  1582 | D:2      | Reached skill level 4 in Spellcasting
  1660 | D:2      | Reached XP level 4. HP: 17/31 MP: 0/0
  3965 | D:3      | Found an iron altar of Okawaru.
  3992 | D:3      | Reached XP level 5. HP: 36/36 MP: 0/0
  3992 | D:3      | Learned a level 2 spell: Blink
  4593 | D:4      | Noticed an ice beast
  4593 | D:4      | Noticed an ogre
  5284 | D:4      | Found a large runed translucent door.
  5284 | D:4      | Found a large runed translucent door.
  5286 | D:4      | Noticed Peloso's ghost (amateur MiFi)
  5309 | D:4      | Reached skill level 1 in Long Blades
  5309 | D:4      | Reached XP level 6. HP: 26/41 MP: 0/0
  5635 | D:4      | Reached skill level 5 in Spellcasting
  5849 | D:4      | Reached skill level 1 in Armour
  6171 | D:2      | HP: 1/41 [ice beast (7)]
  6199 | D:2      | Slain by an ice beast

Illustrated notes

Levels and vault maps discovered:
D:1:      dpeg_arrival_water_temple_mockup, layout_loops_ring,
          shapermc_ecumenical_altar_flowoftime
D:2:      layout_basic
D:3:      layout_basic, okawaru_ov_weapons_minmay
D:4:      layout_basic, serial_rivers, chequers_serial_rivers_small_b,
          chequers_serial_rivers_small_3, chequers_serial_rivers_large_a,
          chequers_serial_rivers_room_a, chequers_serial_rivers_micro_e,
          ebering_ghost_disaster_area

Skill      XL: |  1  2  3  4  5  6 |
---------------+-------------------+-----
Spellcasting   | 4 5 |  5.1
Stealth        | 2 |  2.3
Long Blades    | 1 |  1.3
Armour         | 1 |  1.0
Fighting       | |  0.7
Dodging        | |  2.5

Action                   |  1- 3 |  4- 6 || total
-------------------------+-------+-------++-------
Melee: Unarmed           |     3 |   128 ||   131
       Demon blade       |       |    38 ||    38
       Punch             |       |     6 ||     6
 Cast: Freeze            |    55 |    47 ||   102
       Frozen Ramparts   |       |    14 ||    14
       Ozocubu's Armour  |       |     4 ||     4
       Sandblast         |       |    18 ||    18
       Blink             |       |     1 ||     1
Armor: Robe              |     7 |     4 ||    11
       Ice dragon scales |       |    37 ||    37
       Skin              |       |     3 ||     3
Dodge: Dodged            |    36 |    58 ||    94
